 Dungeon Crawl Stone Soup version 0.29-a0-819-g94b489e (webtiles) character file.

Game seed: 18137369657690797038

1 Illumine the Caller (level 1, -1/7 HPs)
             Began as a Felid Summoner on July 5, 2022.
             Slain by a kobold
             ... wielding a +0 short sword
              (2 damage)
             ... on level 1 of the Dungeon.
             The game lasted 00:00:30 (80 turns).

Illumine the Caller (Felid Summoner)                  Turns: 80, Time: 00:00:31

Health: -1/7       AC:  1    Str:  4    XL:     1   Next: 16%
Magic:  1/4        EV: 17    Int: 16    God:
Gold:   0          SH:  0    Dex: 16    Spells: 3/4 levels left
                                        Lives:  0   Deaths: 0

rFire   . . .      SeeInvis +   (weapon unavailable)
rCold   . . .      Faith    .   (shield unavailable)
rNeg    . . .      Spirit   .   (body armour unavailable)
rPois   .          Reflect  .   (helmet unavailable)
rElec   .          Harm     .   (cloak unavailable)
rCorr   .          Rampage  .   (gloves unavailable)
Will    .....                   (boots unavailable)
Stlth   ++........              (no amulet)
HPRegen 0.02/turn               (no ring)
MPRegen 0.09/turn               (no ring)

@: quick
A: very small, claws 1, fangs 3, see invisible, speed 1, shaggy fur 1, stealthy
paws, no weapons or thrown items, no armour, multi-lived
a: no special abilities


You were on level 1 of the Dungeon.
You visited 1 branch of the dungeon, and saw 1 of its levels.

Inventory:

Potions
 a - a potion of magic


   Skills:
 - Level 2.6 Dodging
 - Level 2.6 Stealth
 + Level 2.0 Spellcasting
 + Level 4.0 Summonings


You had 3 spell levels left.
You knew the following spells:

 Your Spells              Type           Power      Damage    Failure   Level
a - Summon Small Mammal   Summ           56%        N/A       4%          1

Your spell library contained the following spells:

 Spells                   Type           Power      Damage    Failure   Level
 Call Imp                 Summ           14%        N/A       6%          2
 Call Canine Familiar     Summ           14%        N/A       12%         3
 Summon Guardian Golem    Hex/Summ       8%         N/A       26%         3
 Summon Lightning Spire   Summ/Air       8%         N/A       65%         4


Dungeon Overview and Level Annotations

Branches:
Dungeon (1/15)

Altars:


Innate Abilities, Weirdness & Mutations

You have sharp claws.
You have razor-sharp teeth.
You have supernaturally acute eyesight. (SInv)
You cover ground quickly. (Speed+)
You are covered in fur. (AC +1)
Your paws help you pounce on unaware monsters.
You are incapable of wielding weapons or throwing items.
You cannot wear armour.
You gain extra lives every three experience levels.


Message History

Casting: Summon Small Mammal (safe; 4% risk of failure)
Confirm with . or Enter, or press ? or * to list all spells.
Casting: Summon Small Mammal (safe; 4% risk of failure)
Confirm with . or Enter, or press ? or * to list all spells.
Your bat closely misses the quokka.
Your bat hits the quokka but does no damage.
The quokka closely misses you.
Your rat closely misses the quokka.
Your rat closely misses the quokka.
You scratch the quokka but do no damage.
Your bat hits the quokka but does no damage.
The quokka bites you.
Your rat misses the quokka.
You scratch the quokka but do no damage.
The quokka closely misses you.
The kobold hits your rat with a +0 short sword.
Your rat dies!
Your rat's corpse disappears in a puff of smoke!
Your bat hits the quokka but does no damage.
The quokka closely misses you.
Casting: Summon Small Mammal (safe; 4% risk of failure)
Confirm with . or Enter, or press ? or * to list all spells.
Your bat closely misses the quokka.
The quokka bites you but does no damage.
Unknown command.
You scratch the quokka but do no damage.
Your bat barely misses the quokka.
The kobold hits you with a +0 short sword.
Ouch! That really hurt!
* * * LOW HITPOINT WARNING * * *
The quokka misses you.
Your bat hits the kobold.
Unknown command.
Your bat hits the kobold.
Your bat hits the quokka but does no damage.
There is a fountain of clear blue water here.
Your bat hits the quokka but does no damage.
Casting: Summon Small Mammal (safe; 4% risk of failure)
Confirm with . or Enter, or press ? or * to list all spells.
Your bat disappears in a puff of smoke!
Your bat closely misses the kobold.
The quokka closely misses you.
The kobold hits you with a +0 short sword.
You die...

.#####'#####.####
#.........# ..
#.........# ...
#..⌠...⌠..# ..
#.........# .
+....<....+
#....b.§r.#
#..⌠..Kr..#
#.....@...#
#.........#
#####+#####


You could see a quokka (ally target), a kobold, a friendly bat (summoned) and a
friendly rat (summoned).

Vanquished Creatures
  A jackal (D:1)
1 creature vanquished.

Notes
Turn   | Place    | Note
-------+----------+-------------------------------------------
     0 | D:1      | Illumine the Felid Summoner began the quest for the Orb.
     0 | D:1      | Reached XP level 1. HP: 7/7 MP: 4/4
    80 | D:1      | Slain by a kobold

Illustrated notes

Levels and vault maps discovered:
D:1:      mushboom_english_gardens, layout_basic, minmay_stone_trees_small,
          nicolae_eternal_life, chequers_serial_rivers_small_b,
          serial_bayou_pond_c, minmay_ruptured

Action                   || total
-------------------------++-------
Melee: Unarmed           ||     7
 Cast: Summon Small Mamm ||     6
Armor: Skin              ||     1
Dodge: Dodged            ||    10

Table legend: (Time is in decaauts)
 A = Elapsed time spent in this place.
 B = Non-inter-level travel time spent in this place.
 C = Inter-level travel time spent in this place.
 D = Time resting spent in this place.
 E = Time spent auto-exploring this place.
 F = Levels seen in this place.
 G = Mean time per level.
                   A        B        C        D        E       F      G
               +--------+--------+--------+--------+--------+-----+--------+
         Total |     69 |     69 |      0 |      5 |     22 |   1 |   69.0 |
       Dungeon |     69 |     69 |      0 |      5 |     22 |   1 |   69.0 |
               +--------+--------+--------+--------+--------+-----+--------+

Top non-repeatable levels by time:
     D:1: 69 daAuts
